AoeStats
← Waffle_Time30

Arena

508804519Analyzed
3v3 RM · 10d ago on Sep 24, 2026· 43m 46s· 6 players
Game mode
Random Map
Map size
Normal (6 player)
Population
200
Speed
Normal
Resources
Standard
Victory
Conquest
Starting age
Dark Age
Ending age
Imperial Age
RankedLock teamsTeams togetherTeam positionsShared explorationLock speedFull tech treeHidden civsTurbo modeCheats
Victory
Defeat
🇨🇴 Celts · Colombia
1160
+19
🇺🇸 Malians · United States
1158
+19
🇦🇺 Magyars · Australia
1113
+20
1241
-20
🇲🇽 Turks · Mexico
1221
-20
1194
-18
Enjoyablekandy
10:58 Feudal Age
14:39 Castle Age
12:42 Double-Bit Axe
16:23 Horse Collar
17:38 Wheelbarrow
16:48 Loom
20:48 Gold Mining
24:52 Squires
25:26 Bow Saw
25:39 Pikeman
29:54 Arson
30:14 Scale Mail Armor
30:24 Forging
34:02 Imperial Age
31:46 Town Watch
33:00 Heavy Plow
34:19 Hand Cart
34:16 Capped Ram
36:18 Chemistry
36:18 Crop Rotation
36:32 Bloodlines
37:28 Gold Shaft Mining
37:01 Cavalier
37:42 Husbandry
37:03 Light Cavalry
38:55 Scale Barding Armor
39:25 Iron Casting
40:14 Farimba
43:10 Chain Barding Armor
43:36 Elite Gbeto
DCB
11:33 Feudal Age
12:24 Loom
12:39 Double-Bit Axe
15:13 Castle Age
13:40 Horse Collar
16:33 Bow Saw
21:04 Man-at-Arms
21:30 Gambesons
21:31 Arson
22:10 Scale Mail Armor
23:21 Long Swordsman
26:14 Wheelbarrow
28:36 Chain Mail Armor
28:32 Forging
32:10 Imperial Age
29:57 Fortified Wall
30:08 Ballistics
29:44 Murder Holes
29:48 Stone Mining
29:49 Gold Mining
30:04 Heavy Plow
29:58 Town Watch
30:29 Hand Cart
33:56 Plate Mail Armor
34:30 Chemistry
34:09 Two-Handed Swordsman
34:31 Onager
35:58 Gold Shaft Mining
35:59 Stone Shaft Mining
36:41 Stronghold
37:12 Conscription
38:09 Heavy Scorpion
39:00 Padded Archer Armor
38:51 Fletching
39:38 Iron Casting
39:08 Caravan
39:59 Furor Celtica
41:01 Bodkin Arrow
41:22 Leather Archer Armor
42:55 Siege Engineers
42:43 Pikeman
43:28 Halberdier
43:37 Halberdier
43:38 Champion
43:43 Siege Onager
Waffle_Time30
7:53 Loom
9:57 Feudal Age
11:26 Double-Bit Axe
16:57 Wheelbarrow
19:02 Castle Age
18:08 Scale Barding Armor
17:45 Horse Collar
17:57 Gold Mining
18:59 Bloodlines
20:46 Husbandry
20:07 Light Cavalry
31:07 Chain Barding Armor
30:46 Fletching
36:22 Bodkin Arrow
36:27 Padded Archer Armor
40:00 Imperial Age
37:46 Hand Cart
37:16 Town Watch
39:00 Heavy Plow
40:43 Corvinian Army
40:57 Fervor
41:02 Elite Magyar Huszar
41:08 Heavy Cavalry Archer
43:30 Ballistics
[Telo] ~ Don Jorge III
10:36 Feudal Age
8:52 Loom
14:31 Castle Age
15:03 Double-Bit Axe
16:32 Bow Saw
24:37 Forging
31:23 Imperial Age
29:29 Wheelbarrow
29:44 Scale Barding Armor
31:30 Iron Casting
31:01 Horse Collar
31:45 Chain Barding Armor
32:20 Bloodlines
32:10 Husbandry
32:39 Conscription
33:58 Two-Man Saw
33:04 Heavy Plow
34:17 Plate Barding Armor
34:15 Heavy Camel Rider
36:52 Gold Mining
39:06 Blast Furnace
43:53 Fletching
[Telo] ~ Shelo the murder
10:40 Feudal Age
11:03 Loom
15:15 Castle Age
21:03 Horse Collar
23:50 Squires
25:33 Pikeman
27:58 Forging
27:48 Scale Mail Armor
28:09 Fletching
35:00 Double-Bit Axe
37:40 Iron Casting
37:22 Chain Mail Armor
38:09 Heavy Plow
39:18 Fortified Wall
39:40 Gold Mining
[Telo] ~ The Highest Threat
10:47 Feudal Age
14:30 Castle Age
14:25 Loom
17:14 Double-Bit Axe
21:12 Fervor
23:17 Forging
23:13 Scale Barding Armor
23:37 Horse Collar
26:23 Bimaristan
26:35 Gold Mining
29:50 Iron Casting
30:01 Chain Barding Armor
34:45 Bloodlines
34:36 Husbandry
37:21 Coinage
Connection lost

Rejoining the realm…

Still unreachable

The connection could not be restored.

Session expired

The server has moved on; the page needs a fresh start.